 Dungeon Crawl Stone Soup version 0.30.0-5-g1a98f26d00 (webtiles) character file.

Game seed: 1435569367448401522

5434 BigDaddyOpFi the Priest (level 10, -5/99 HPs)
             Began as a Hill Orc Fighter on May 12, 2023.
             Was a Believer of Beogh.
             Slain by a manticore (14 damage)
             ... on level 9 of the Dungeon.
             The game lasted 00:12:01 (8295 turns).

BigDaddyOpFi the Priest (Hill Orc Fighter)          Turns: 8295, Time: 00:12:02

Health: -5/99      AC: 24    Str: 24    XL:     10   Next: 68%
Magic:  18/18      EV:  6    Int:  8    God:    Beogh [**....]
Gold:   556        SH: 13    Dex:  8    Spells: 9/9 levels left

rFire   . . .        a - +2 war axe
rCold   . . .        e - +0 tower shield
rNeg    . . .        q - +0 chain mail
rPois   +            (no helmet)
rElec   .            x - +2 cloak {rPois}
rCorr   .            d - +1 pair of gloves
SInv    .            (no boots)
Will    .....        m - amulet of the acrobat Stlth
                     v - +4 ring of protection
HPRegen 0.36/turn    b - +4 ring of protection
MPRegen 0.16/turn

%: acrobat
@: no status effects
A: camouflage 1, clumsy 1, robust 1
a: Renounce Religion, Smiting


You were on level 9 of the Dungeon.
You worshipped Beogh.
Beogh was pleased with you.
You visited 2 branches of the dungeon, and saw 10 of its levels.

You collected 556 gold pieces.

Inventory:

Hand Weapons
 a - a +2 war axe (weapon)
Missiles
 p - 3 boomerangs (quivered)
Armour
 d - a +1 pair of gloves (worn)
 e - a +0 tower shield (worn)
 q - a +0 chain mail (worn)
 x - a +2 cloak of poison resistance (worn)
Jewellery
 b - a +4 ring of protection (right hand)
 c - a ring of poison resistance
 k - a ring of fire
 m - an amulet of the acrobat (around neck)
 v - a +4 ring of protection (left hand)
Wands
 r - a wand of flame (68)
 t - a wand of iceblast (4)
 u - a wand of mindburst (11)
Scrolls
 g - 2 scrolls of amnesia
 l - a scroll of noise
Potions
 i - 2 potions of degeneration
 j - 2 potions of cancellation
 n - 2 potions of flight
 s - a potion of lignification
 w - a potion of magic


   Skills:
 + Level 8.7 Fighting
 + Level 8.9 Axes
 + Level 7.9 Armour
 + Level 7.9 Shields
 * Level 11.0 Invocations


You had 9 spell levels left.
You didn't know any spells.
Your spell library contained the following spells:

 Spells                   Type           Power      Damage    Failure   Level
 Hailstorm                Conj/Ice       0%         3d3       100%        3
 Summon Guardian Golem    Hex/Summ       0%         N/A       100%        3
 Volatile Blastmotes      Fire/Tloc      0%         2d10      100%        3
 Fulminant Prism          Conj/Hex       0%         3d5       100%        4
 Ice Form                 Ice/Tmut       0%         N/A       100%        4
 Iskenderun's Mystic Bla  Conj/Tloc      0%         2d3       100%        4
 Lee's Rapid Deconstruct  Erth           0%         3d4*      100%        5
 Simulacrum               Ice/Necr       0%         N/A       100%        6
 Orb of Destruction       Conj           0%         9d5       100%        7
 Spellforged Servitor     Conj/Summ      0%         N/A       100%        7


Dungeon Overview and Level Annotations

Branches:
Dungeon (9/15)             Temple (1/1) D:4
   Lair: D:8-11         Orc: D:9-12

Altars:
Ashenzari
Cheibriados
Dithmenos
Elyvilon
Fedhas
Hepliaklqana
Kikubaaqudgha
Makhleb
Nemelex Xobeh
Okawaru
Qazlal
Ru
Sif Muna
Trog
Vehumet
Wu Jian
Xom
The Shining One

Shops:
D:1 (!=*=   D:8 *

Annotations:
D:8 2 transporters, bungle's ghost, journeyman DjCj


Innate Abilities, Weirdness & Mutations

Your skin changes colour to match your surroundings (Stealth+).
You are clumsy. (Dex -2)
You are robust. (+10% HP)


Message History

You slash the manticore!
The manticore is heavily wounded.
The manticore bites you but does no damage.
The manticore claws you but does no damage. x2
You hit the manticore.
The manticore is heavily wounded.
The manticore bites you but does no damage.
The manticore claws you. You block the manticore's attack.
You barely miss the manticore.
The manticore is heavily wounded.
You block the manticore's attack.
The manticore claws you but does no damage.
You block the manticore's attack. The manticore bites you!
The manticore closely misses you.
The manticore claws you but does no damage.
You barely miss the manticore.
The manticore is heavily wounded.
The manticore barely misses you. The manticore claws you!
* * * LOW HITPOINT WARNING * * *
The manticore claws you!
* * * LOW HITPOINT WARNING * * *
You barely miss the manticore.
The manticore is heavily wounded.
The manticore bites you!
* * * LOW HITPOINT WARNING * * *
You block the manticore's attack. x2
Unknown command.
Really quaff the potion of mutation?
You feel extremely strange.
You feel robust.
You feel clumsy.
Your skin functions as natural camouflage.
The manticore bites you but does no damage.
You block the manticore's attack. x2
Unknown command.
You block the manticore's attack. The manticore completely misses you.
You block the manticore's attack.
You slash the manticore!
The manticore is severely wounded.
The manticore bites you!
You die...

#....................
#.#..................
##...................
#....................
#....................
#......†.............
##...................
#....................
#......@....)........
###....H...).........
#....#.....).).......
####..#..............
#.#...............
####..............
##.............
#.............
##..#........


You could see a manticore.

Vanquished Creatures
  2 boulder beetles
  A kobold demonologist (D:8)
  A troll (D:6)
  Grinder (D:4)
  2 steam dragons (D:8)
  2 yaks (D:8)
  4 water moccasins
  2 orc warriors (D:8)
  2 sky beasts
  2 centaurs (D:7)
  An ogre (D:5)
  A phantom (D:6)
  5 kobold brigands
  2 bullfrogs
  2 scorpions
  3 wights
  5 killer bees
  7 howler monkeys (D:8)
  Crazy Yiuf (D:7)
  4 orc priests
  2 hounds (D:5)
  Natasha (thrice) (D:2)
  An iguana (D:7)
  6 orc wizards
  11 adders
  3 gnolls (D:5)
  A shadow imp (D:5)
  A white imp (D:6)
  2 ufetubi (D:5)
  28 orcs
  7 bats
  8 endoplasms
  4 giant cockroaches
  7 hobgoblins
  3 quokkas
  10 ball pythons
  2 frilled lizards
  9 goblins
  28 kobolds
  3 rats
189 creatures vanquished.

Vanquished Creatures (others)
  An orc (D:4)
  A quokka (D:4)
2 creatures vanquished.

Grand Total: 191 creatures vanquished

Notes
Turn   | Place    | Note
-------+----------+-------------------------------------------
     0 | D:1      | BigDaddyOpFi the Hill Orc Fighter began the quest for the
                  | Orb.
     0 | D:1      | Reached XP level 1. HP: 19/19 MP: 1/1
    41 | D:1      | Found Tufupyd's General Store.
   151 | D:1      | Found Nudal's Jewellery Shop.
   196 | D:1      | Reached XP level 2. HP: 26/27 MP: 2/2
   295 | D:1      | Found Wehut's Distillery.
   315 | D:1      | Found Wuub's Jewellery Shop.
   534 | D:1      | Found Oxouts's Weapon Boutique.
   640 | D:2      | Reached XP level 3. HP: 31/33 MP: 3/3
   781 | D:2      | Noticed Natasha
   791 | D:2      | Killed Natasha
   792 | D:2      | Reached XP level 4. HP: 13/41 MP: 4/4
   831 | D:2      | Noticed Natasha
   840 | D:2      | Killed Natasha
   853 | D:2      | Noticed Natasha
   856 | D:2      | Found a sacrificial altar of Ru.
   865 | D:2      | Killed Natasha
   866 | D:2      | Reached XP level 5. HP: 28/47 MP: 5/5
  1687 | D:3      | Found a white marble altar of Elyvilon.
  1689 | D:3      | Found a sparkling altar of Nemelex Xobeh.
  1980 | D:4      | Became a worshipper of Beogh the Brigand
  2004 | D:4      | Reached skill level 5 in Fighting
  2192 | D:4      | Found an ornate altar of the Wu Jian Council.
  2245 | D:4      | Reached XP level 6. HP: 54/56 MP: 6/6
  2313 | D:4      | Found a staircase to the Ecumenical Temple.
  2314 | D:4      | Noticed Grinder
  2324 | D:4      | Killed Grinder
  2325 | D:4      | Reached skill level 5 in Axes
  2325 | D:4      | Reached skill level 2 in Invocations
  2332 | Temple   | Entered the Ecumenical Temple
  2532 | D:4      | Found a burning altar of Makhleb.
  2532 | D:4      | Found a shadowy altar of Dithmenos.
  2572 | D:4      | Reached XP level 7. HP: 61/61 MP: 7/9
  2861 | D:5      | Entered Level 5 of the Dungeon
  2892 | D:5      | Reached skill level 3 in Invocations
  2893 | D:5      | Reached skill level 5 in Shields
  2968 | D:5      | Reached skill level 5 in Armour
  3146 | D:5      | Reached * piety under Beogh
  3147 | D:5      | Reached skill level 4 in Invocations
  3298 | D:5      | You fall into a shaft and drop 3 floors!
  3316 | D:8      | Reached skill level 5 in Invocations
  3316 | D:8      | Reached XP level 8. HP: 33/70 MP: 11/11
  3503 | D:6      | Found a hazy altar of Hepliaklqana.
  3510 | D:6      | Noticed a troll
  3523 | D:6      | Found a broken altar of Ashenzari.
  4102 | D:6      | Killed a troll
  4103 | D:6      | Reached skill level 6 in Invocations
  4664 | D:6      | Found a sacrificial altar of Ru.
  4997 | D:6      | Reached skill level 7 in Invocations
  5235 | D:6      | Reached XP level 9. HP: 73/78 MP: 14/14
  5556 | D:7      | Reached ** piety under Beogh
  5757 | D:7      | Found a glowing golden altar of the Shining One.
  5890 | D:7      | Found a runed translucent door.
  5891 | D:7      | Noticed Crazy Yiuf
  5903 | D:7      | Killed Crazy Yiuf
  5904 | D:7      | Reached skill level 8 in Invocations
  6228 | D:8      | Found a snail-covered altar of Cheibriados.
  6275 | D:8      | Found an iron altar of Okawaru.
  6398 | D:8      | Found a transporter.
  6717 | D:8      | Noticed a two-headed ogre
  6717 | D:8      | Noticed a moth of wrath
  6721 | D:8      | Noticed bungle's ghost (journeyman DjCj)
  6727 | D:8      | Found a bloodstained altar of Trog.
  6799 | D:8      | Found Fuver's Serpentskin Sales.
  6812 | D:8      | Reached skill level 9 in Invocations
  6862 | D:8      | Found an ancient bone altar of Kikubaaqudgha.
  6974 | D:8      | Found a transporter.
  7113 | D:9      | Noticed a boulder beetle
  7116 | D:9      | Noticed a manticore
  7557 | D:9      | Identified the +0 scale mail of the Learner {rN+ Stlth+}
  7559 | D:9      | Noticed a boulder beetle
  7571 | D:8      | Reached XP level 10. HP: 54/88 MP: 14/17
  7744 | D:9      | Noticed a kobold demonologist
  7761 | D:8      | Reached skill level 10 in Invocations
  7807 | D:8      | Killed a boulder beetle
  8101 | D:8      | Killed a kobold demonologist
  8140 | D:9      | Killed a boulder beetle
  8144 | D:9      | Reached skill level 11 in Invocations
  8293 | D:9      | Gained mutation: You are robust. (+10% HP) [potion of
                  | mutation]
  8293 | D:9      | Gained mutation: You are clumsy. (Dex -2) [potion of
                  | mutation]
  8293 | D:9      | Gained mutation: Your skin changes colour to match your
                  | surroundings (Stealth+). [potion of mutation]
  8295 | D:9      | Slain by a manticore

Illustrated notes

Levels and vault maps discovered:
D:1:      saegor_arrival_simple_e, layout_basic, serial_shops, shop,
          nicolae_shop_just_a_little_nook, nicolae_shop_just_a_little_nook,
          shop, nicolae_shop_gaudy_bauble, minmay_misc_feat_iff
D:2:      layout_basic, basic_altar, uniq_natasha
D:3:      layout_basic, chequers_temple_overflow_statue_of_worship
D:4:      layout_basic, mainiacjoe_overflow_divided_tiny,
          nicolae_wu_jian_wuxing_cycle, minmay_temple_entry_hall,
          chequers_serial_rivers_large_a, uniq_grinder
D:5:      layout_rooms
D:6:      layout_loops_ring, nicolae_ru_awakened_eye,
          mainiacjoe_overflow_catwalk_spiral
D:7:      layout_rooms, mainiacjoe_overflow_chevrons, uniq_crazy_yiuf_cottage
D:8:      layout_cave_pools, old_standard_altar, amcnicky_altar_gilded,
          mainiacjoe_overflow_surrounded_room,
          gammafunk_ghost_wrathful_warriors, guppyfry_shop_venom
D:9:      layout_big_octagon, gammafunk_ghost_abyssal_escape, grunt_ogre_cave,
          kb_rosetta
Temple:   nicolae_temple_two_arcs

Skill      XL: |  1  2  3  4  5  6  7  8  9 10 |
---------------+-------------------------------+-----
Axes           | 3 4 5 6 8 |  8.9
Fighting       | 4 5 6 8 |  8.7
Armour         | 4 5 6 7 |  7.9
Shields        | 4 5 6 7 |  7.9
Invocations    | 2 5 7 9 11 | 11.0

Action                     |  1- 3 |  4- 6 |  7- 9 | 10-12 || total
---------------------------+-------+-------+-------+-------++-------
  Melee: War axe           |    86 |   145 |   303 |    72 ||   606
 Invoke: Convert to Beogh  |       |     1 |       |       ||     1
         Smiting           |       |       |     1 |     2 ||     3
    Use: Potion            |     1 |     1 |     4 |     3 ||     9
         Scroll            |       |     1 |    17 |     4 ||    22
   Stab: Invisible         |       |       |     2 |     3 ||     5
 Armour: Scale mail        |    42 |    67 |       |       ||   109
         Chain mail        |       |    19 |   317 |    63 ||   399
         Skin              |       |       |       |    14 ||    14
  Dodge: Dodged            |    42 |    49 |   128 |    29 ||   248
  Block: Buckler           |    21 |     7 |       |       ||    28
         Tower shield      |       |    88 |   366 |    94 ||   548
